 Dungeon Crawl Stone Soup version 0.32-a0-859-gb0a091d592 (webtiles) character file.

Game seed: 12668301967549211023

11 Aldia the Charlatan (level 2, -9/21 HPs)
             Began as a Coglin Artificer on Mar 28, 2024.
             Mangled by an ogre
             ... wielding a +0 giant spiked club
              (26 damage)
             ... on level 2 of the Dungeon.
             The game lasted 00:01:53 (778 turns).

Aldia the Charlatan (Coglin Artificer)               Turns: 778, Time: 00:01:54

Health: -9/21      AC:  6    Str: 12    XL:     2   Next: 29%
Magic:  2/2        EV:  8    Int: 10    God:
Gold:   48         SH:  0    Dex: 14    Spells: 1/1 levels left

rFire   . . .        a - +0 dagger {Ujjalroop}
rCold   . . .        f - +0 dagger {Chun}
rNeg    . . .        q - +0 scale mail
rPois   .            j - +0 hat
rElec   .            (no cloak)
rCorr   .            (no gloves)
SInv    .            (no boots)
Will    .....        (amulet unavailable) Stlth
                     (ring unavailable)
HPRegen 0.23/turn    (ring unavailable)
MPRegen 0.08/turn    (no gizmo)

%: no passive effects
@: revved
A: off-hand wielding, slow wielding, warmup strikes, no jewellery
a: Invent Gizmo


You were on level 2 of the Dungeon.
You visited 1 branch of the dungeon, and saw 2 of its levels.

You collected 48 gold pieces.

Inventory:

Hand Weapons
 a - a +0 dagger (weapon) {Ujjalroop}
 f - a +0 dagger (offhand) {Chun}
Armour
 b - a +0 leather armour
 j - a +0 hat (worn)
 m - a +0 ring mail
 q - a +0 scale mail (worn)
Magical Staves
 i - a staff of fire {Ishpreet}
Wands
 c - a wand of flame (15) (quivered)
 d - a wand of charming (15)
 e - a wand of iceblast (5)
Scrolls
 g - a scroll of enchant armour {unknown}
 k - a scroll of amnesia {unknown}
 l - a scroll of teleportation {unknown}
 n - a scroll of revelation {unknown}
Potions
 h - 2 potions of haste {unknown}
 o - a potion of lignification {unknown}
 p - 2 potions of curing {unknown}


   Skills:
 + Level 1.2 Fighting
 * Level 0.8 Short Blades
 - Level 2.0 Armour
 + Level 1.1 Dodging
 - Level 1.0 Stealth
 - Level 4.0 Evocations


You had one spell level left.
You didn't know any spells.
Your spell library was empty.

Dungeon Overview and Level Annotations

Branches:
Dungeon (2/15)

Altars:
Trog


Innate Abilities, Weirdness & Mutations

You can wield a second weapon in your off-hand.
It takes a long time for you to wield or remove held weapons.
Your first few attacks do less damage.
You cannot equip rings or amulets.


Message History

You see here a +0 scale mail.
q - a +0 scale mail You start removing your armour.
You continue removing your +0 ring mail. x4
You finish removing your +0 ring mail.
You start putting on your armour.
You continue putting on your +0 scale mail. x5
You finish putting on your +0 scale mail.
Unknown command.
Unknown command.
Found a club.
A goblin comes into view. It is wielding a +0 dagger.
The goblin shouts!
A goblin is nearby!
An ogre comes into view. It is wielding a +0 giant spiked club.
You see here a +0 club.
The ogre shouts!
The rat squeaks loudly.
The goblin hits you with a +0 dagger.
You hit the goblin with your +0 dagger.
The goblin is severely wounded.
You closely miss the goblin with your +0 dagger.
The goblin hits you but does no damage.
You hit the goblin with your +0 dagger.
You kill the goblin!
Found 10 gold pieces.
Things that are here:
a +0 dagger; a goblin corpse
Okay, then.
Okay, then.
You barely miss the ogre with your +0 dagger.
You hit the ogre with your +0 dagger. The ogre barely misses you.
You hit the ogre with your +0 dagger.
The ogre is lightly wounded.
You hit the ogre with your +0 dagger. The rat bites you.
You barely miss the ogre with your +0 dagger.
The ogre is moderately wounded.
You barely miss the ogre with your +0 dagger.
The ogre hits you with a +0 giant spiked club!!
Ouch! That really hurt!
You die...

#......... #.........#
#.........#
#.........#+###
#......$......#
#.............#
#.Or..........#
#@######.....#
#.#.........#
#)#.######.## #####.#.#
#.....#.# ## #.....#.# .
##.._....##############
........................
###.....#.######<.......


You could see an ogre and a rat.

Vanquished Creatures
  A dart slug (D:1)
  An endoplasm (D:1)
  A goblin (D:2)
  3 hobgoblins (D:1)
  2 frilled lizards (D:1)
  A rat (D:1)
9 creatures vanquished.

Notes
Turn   | Place    | Note
-------+----------+-------------------------------------------
     0 | D:1      | Aldia the Coglin Artificer began the quest for the Orb.
     0 | D:1      | Reached XP level 1. HP: 15/15 MP: 1/1
   294 | D:1      | Reached skill level 1 in Dodging
   370 | D:1      | Reached skill level 1 in Stealth
   394 | D:1      | Reached XP level 2. HP: 21/21 MP: 2/2
   730 | D:2      | Found a bloodstained altar of Trog.
   771 | D:2      | Noticed an ogre
   778 | D:2      | Mangled by an ogre

Illustrated notes

Levels and vault maps discovered:
D:1:      heliophobic_arrival_enchanted_forest, layout_loops_ring
D:2:      layout_basic, basic_altar

Skill      XL: |  1 |
---------------+----+-----
Dodging        | 1 |  1.1
Stealth        | 1 |  1.0
Armour         | 2 |  2.0
Fighting       | |  1.2
Short Blades   | |  0.8
Evocations     | |  4.0

Action                     || total
---------------------------++-------
  Melee: Dagger            ||    43
   Stab: Sleeping          ||     2
 Armour: Leather armour    ||     5
         Scale mail        ||     4
         Ring mail         ||     2
  Dodge: Dodged            ||     7

Table legend: (Time is in decaauts)
 A = Elapsed time spent in this place.
 B = Non-inter-level travel time spent in this place.
 C = Inter-level travel time spent in this place.
 D = Time resting spent in this place.
 E = Time spent auto-exploring this place.
 F = Levels seen in this place.
 G = Mean time per level.
                   A        B        C        D        E       F      G
               +--------+--------+--------+--------+--------+-----+--------+
         Total |    777 |    766 |     11 |      0 |    608 |   2 |  388.5 |
       Dungeon |    777 |    766 |     11 |      0 |    608 |   2 |  388.5 |
               +--------+--------+--------+--------+--------+-----+--------+

Top non-repeatable levels by time:
     D:1: 677 daAuts
     D:2: 99 daAuts
